 Dungeon Crawl Stone Soup version 0.30-a0-1123-gabc949cf19 (webtiles) character file.

Game seed: 7403389997280702668

11923 Arzdou the Cleaver (level 11, 0/99 HPs)
             Began as a Minotaur Fighter on Apr 22, 2023.
             Was a High Priest of Okawaru.
             Slain by an eight-headed hydra (7 damage)
             ... on level 14 of the Dungeon.
             The game lasted 00:20:00 (10343 turns).

Arzdou the Cleaver (Minotaur Fighter)              Turns: 10343, Time: 00:20:01

Health: 0/99       AC: 14    Str: 20    XL:     11   Next: 55%
Magic:  9/10       EV: 17    Int:  5    God:    Okawaru [*****.]
Gold:   389        SH: 10    Dex: 15    Spells: 10/10 levels left

rFire   . . .        a - +0 war axe
rCold   + . .        O - +0 kite shield
rNeg    . . .        R - +4 ring mail
rPois   .            (helmet restricted)
rElec   .            g - +0 cloak
rCorr   .            l - +0 pair of gloves
SInv    .            S - +0 pair of boots
Will    .....        (no amulet)
Stlth   +            p - ring of protection from cold
HPRegen 0.36/turn    A - +5 ring of evasion
MPRegen 0.12/turn

%: no passive effects
@: mighty, hasted, very quick
A: horns 2, retaliatory headbutt
a: Renounce Religion, Heroism, Finesse, Duel


You were on level 14 of the Dungeon.
You worshipped Okawaru.
Okawaru was extremely pleased with you.
You visited 2 branches of the dungeon, and saw 13 of its levels.

You collected 672 gold pieces.
You spent 283 gold pieces at shops.

Inventory:

Hand Weapons
 a - a +0 war axe (weapon)
 b - a +0 sling
 M - the +4 war axe "Naxi" {venom, *Noise +Blink Str+3 Stlth+}
   (You bought it in a shop on level 4 of the Dungeon)

   Str:       It affects your strength (+3).
   +Blink:    It lets you blink.
   *Noise:    It may make noises in combat.
   Stlth:     It makes you more stealthy.
Missiles
 P - a throwing net
Armour
 g - a +0 cloak (worn)
 l - a +0 pair of gloves (worn)
 O - a +0 kite shield (worn)
 R - a +4 ring mail (worn)
 S - a +0 pair of boots (worn)
Jewellery
 m - a +4 ring of protection
 p - a ring of protection from cold (left hand)
 A - a +5 ring of evasion (right hand)
 D - a ring of ice
 F - a ring of resist corrosion
 H - an amulet of regeneration
 Q - a ring of magical power
 U - a +6 ring of dexterity
 V - a ring of ice
 X - a +4 ring of protection
Wands
 s - a wand of flame (21)
 u - a wand of roots (4)
 J - a wand of mindburst (19)
Scrolls
 e - 11 scrolls of identify {unknown}
 f - a scroll of noise {unknown}
 i - 9 scrolls of teleportation {unknown}
 j - 5 scrolls of immolation {unknown}
 k - 5 scrolls of amnesia {unknown}
 n - 2 scrolls of fear {unknown}
 r - a scroll of silence {unknown}
 y - 3 scrolls of blinking {unknown}
 B - 3 scrolls of fog {unknown}
 G - a scroll of summoning {unknown}
 I - a scroll of enchant weapon {unknown}
 K - a scroll of enchant armour {unknown}
 N - a scroll of torment {unknown}
Potions
 c - a potion of brilliance
 d - 2 potions of magic {unknown}
 h - 3 potions of curing
 o - a potion of attraction {unknown}
 q - 2 potions of cancellation {unknown}
 t - 3 potions of heal wounds {unknown}
 v - 3 potions of ambrosia {unknown}
 w - a potion of mutation {unknown}
 x - 2 potions of flight {unknown}
 z - a potion of resistance {unknown}
 C - 2 potions of might
 E - 2 potions of lignification {unknown}
 L - a potion of invisibility {unknown}
 W - a potion of berserk rage {unknown}


   Skills:
 * Level 9.8 Fighting
 * Level 14.8 Axes
 + Level 5.3 Ranged Weapons
 + Level 8.0 Armour
 + Level 7.0 Dodging
 - Level 0.9 Stealth
 + Level 7.2 Shields
 + Level 0.1 Invocations


You had 10 spell levels left.
You didn't know any spells.
Your spell library contained the following spells:

 Spells                   Type           Power      Damage    Failure   Level
 Shock                    Conj/Air       0%         1d3       91%         1
 Ensorcelled Hibernation  Hex/Ice        0%         N/A       97%         2
 Dazzling Flash           Conj/Hex       0%         N/A       100%        3
 Frozen Ramparts          Ice            0%         1d1       100%        3
 Ignite Poison            Fire/Tmut/Pois 0%         N/A       100%        3
 Spider Form              Tmut/Pois      0%         N/A       100%        3
 Stone Arrow              Conj/Erth      0%         3d7       100%        3
 Swiftness                Air            0%         N/A       100%        3
 Vhi's Electric Charge    Tloc/Air       0%         N/A       100%        3
 Volatile Blastmotes      Fire/Tloc      0%         2d10      100%        3
 Airstrike                Air            0%         2d(0-16)  100%        4
 Anguish                  Hex/Necr       0%         N/A       100%        4
 Ice Form                 Ice/Tmut       0%         N/A       100%        4
 Iskenderun's Mystic Bla  Conj/Tloc      0%         2d3       100%        4
 Arcjolt                  Conj/Air       0%         1d10      100%        5
 Plasma Beam              Fire/Air       0%         2x1d11    100%        6
 Starburst                Conj/Fire      0%         6d3       100%        6
 Ozocubu's Refrigeration  Ice            0%         4d7       100%        7
 Polar Vortex             Ice            0%         N/A       100%        9
 Animate Armour           Summ/Erth      Unusable   N/A       N/A         4
 Summon Ice Beast         Ice/Summ       Unusable   N/A       N/A         4
 Simulacrum               Ice/Necr       Unusable   N/A       N/A         6

Dungeon Overview and Level Annotations

Branches:
Dungeon (11/15)            Temple (1/1) D:6
   Lair: D:8-11         Orc: D:9-12

Altars:
Ashenzari
Cheibriados
Dithmenos
Elyvilon
Fedhas
Gozag
Hepliaklqana
Kikubaaqudgha
Makhleb
Nemelex Xobeh
Okawaru
Qazlal
Ru
Sif Muna
Trog
Uskayaw
Vehumet
Wu Jian
Xom
Yredelemnul
Zin
The Shining One

Shops:
D:1 (   D:2 (   D:3 ?   D:4 *   D:7 ?

Annotations:
D:6 3 runed translucent doors, UltrafastDeath's ghost, novice HOFi; initializr's ghost, amateur GrEE
D:7 2 transporters
D:9 2 transporters, Barriton's ghost, novice DrCj


Innate Abilities, Weirdness & Mutations

You have a pair of horns on your head.
You reflexively headbutt those who attack you in melee.


Message History

You are too injured to fight recklessly!
You are too injured to fight recklessly!
You are too injured to fight recklessly!
You are too injured to fight recklessly!
You barely miss the seven-headed hydra.
The seven-headed hydra is moderately wounded.
The seven-headed hydra bites you.
You block the seven-headed hydra's attack.
The seven-headed hydra bites you but does no damage.
The seven-headed hydra bites you.
The seven-headed hydra closely misses you.
The seven-headed hydra bites you but does no damage.
You block the seven-headed hydra's attack.
Okay, then.
You feel very mighty all of a sudden.
The seven-headed hydra bites you but does no damage. x2
The seven-headed hydra completely misses you.
The seven-headed hydra barely misses you.
The seven-headed hydra completely misses you.
You block the seven-headed hydra's attack.
The seven-headed hydra bites you.
You slice one of the seven-headed hydra's heads off!
The six-headed hydra grows two more!
You slice the eight-headed hydra!!
The eight-headed hydra is heavily wounded.
You block the eight-headed hydra's attack.
The eight-headed hydra bites you!
* * * LOW HITPOINT WARNING * * *
The eight-headed hydra bites you but does no damage.
The eight-headed hydra barely misses you.
The eight-headed hydra bites you but does no damage.
You block the eight-headed hydra's attack.
The eight-headed hydra bites you.
* * * LOW HITPOINT WARNING * * *
The eight-headed hydra bites you!
* * * LOW HITPOINT WARNING * * *
You feel yourself speed up.
You feel like a meek peon again.
You block the eight-headed hydra's attack. x2
The eight-headed hydra misses you. The eight-headed hydra bites you!
You die...

#.##.. #.# #.##..# #.
# ..#... #.# #.#..##
..# #.. #.# .#...# #.#
#.. ##.## #.#.#####
#.. #...## #.......###
#.
#..#..##.#.........##
#.
#..###..##...........#
#. #..#
##.D##..........# ##
#... #.@.#..........#
## ....
##.............###.
....
##...........###.. ...
#...........##...
##.........##..#.
##........#..#..
##.........##..
#.......####..
##.....## #..


You could see an eight-headed hydra.

Vanquished Creatures
  A tengu warrior (D:14)
  Sonja (D:11)
  Pikel (D:7)
  A manticore (D:11)
  A kobold demonologist (D:7)
  A tengu conjurer (D:14)
  2 trolls
  Prince Ribbit (D:7)
  Grinder (D:3)
  Sigmund (D:3)
  A wraith (D:14)
  A steam dragon (D:10)
  16 yaks
  Menkaure (D:7)
  6 vampire mosquitoes (D:10)
  2 water moccasins
  2 orc warriors
  A black bear (D:5)
  2 ogres
  3 centaurs
  A phantom (D:5)
  A lemure (D:7)
  16 kobold brigands
  6 bullfrogs
  2 scorpions
  A gnoll sergeant (D:8)
  16 wights
  4 howler monkeys
  4 hounds
  A gnoll bouda (D:8)
  11 orc priests
  3 iron imps (D:6)
  4 sleepcaps
  Jessica (D:3)
  10 orc wizards
  Natasha (thrice) (D:3)
  5 iguanas
  16 gnolls
  3 adders
  2 ufetubi
  3 worms (D:2)
  A dart slug (D:3)
  38 orcs
  8 bats
  5 endoplasms
  A giant cockroach (D:3)
  12 goblins
  8 hobgoblins
  2 jackals (D:2)
  3 quokkas
  6 ball pythons
  2 frilled lizards
  12 kobolds
  18 rats (D:3)
275 creatures vanquished.

Vanquished Creatures (others)
  3 plants (D:11)
3 creatures vanquished.

Grand Total: 278 creatures vanquished

Notes
Turn   | Place    | Note
-------+----------+-------------------------------------------
     0 | D:1      | Arzdou the Minotaur Fighter began the quest for the Orb.
     0 | D:1      | Reached XP level 1. HP: 19/19 MP: 0/0
   143 | D:1      | Reached XP level 2. HP: 27/27 MP: 1/1
   453 | D:1      | Found Iveah's Antique Weapon Shop.
   724 | D:2      | Found an ancient bone altar of Kikubaaqudgha.
   761 | D:2      | Reached skill level 3 in Axes
   853 | D:2      | Reached XP level 3. HP: 33/33 MP: 2/2
  1133 | D:1      | Bought a sling for 37 gold pieces
  1334 | D:2      | Reached skill level 1 in Ranged Weapons
  1401 | D:2      | Found Nerud's Antique Weapon Shoppe.
  1507 | D:3      | Found a shimmering altar of Xom.
  1516 | D:3      | Noticed Sigmund
  1532 | D:3      | HP: 1/33 [something (10)]
  1533 | D:3      | Killed Sigmund
  1534 | D:3      | Reached skill level 4 in Axes
  1534 | D:3      | Reached skill level 1 in Dodging
  1534 | D:3      | Reached XP level 4. HP: 2/40 MP: 3/3
  1534 | D:3      | Reached XP level 5. HP: 2/46 MP: 4/4
  1784 | D:3      | Found Fyanicus's Magic Scroll Boutique.
  1810 | D:3      | Noticed Grinder
  1812 | D:3      | Paralysed by Grinder for 4 turns
  1834 | D:3      | Killed Grinder
  1835 | D:3      | Reached skill level 5 in Axes
  1835 | D:3      | Reached XP level 6. HP: 28/53 MP: 5/5
  2169 | D:3      | Noticed Jessica
  2173 | D:3      | Killed Jessica
  2220 | D:3      | Noticed Natasha
  2222 | D:3      | Killed Natasha
  2242 | D:3      | Noticed Natasha
  2252 | D:3      | Killed Natasha
  2384 | D:3      | Noticed Natasha
  2388 | D:3      | Killed Natasha
  2389 | D:3      | Reached XP level 7. HP: 51/60 MP: 6/6
  2678 | D:4      | Reached skill level 6 in Axes
  2967 | D:4      | Reached skill level 5 in Armour
  2982 | D:4      | HP: 3/60 [poisoned by an orc priest]
  3424 | D:4      | Found Riajuir's Assorted Antiques.
  3553 | D:5      | Entered Level 5 of the Dungeon
  3642 | D:5      | Reached skill level 7 in Axes
  3754 | D:5      | Reached skill level 5 in Shields
  3754 | D:5      | Reached XP level 8. HP: 55/67 MP: 7/7
  3820 | D:5      | Found a hazy altar of Hepliaklqana.
  3820 | D:5      | Found a radiant altar of Vehumet.
  3904 | D:5      | Reached skill level 8 in Axes
  3917 | D:5      | Reached skill level 5 in Fighting
  4453 | D:6      | Found a stormy altar of Qazlal.
  4466 | D:6      | Found a runed translucent gate.
  4467 | D:6      | Found a runed translucent gate.
  4469 | D:6      | Found a runed translucent gate.
  4473 | D:6      | Noticed UltrafastDeath's ghost (novice HOFi)
  4473 | D:6      | Noticed initializr's ghost (amateur GrEE)
  4543 | D:6      | Reached skill level 9 in Axes
  4687 | D:6      | Found a staircase to the Ecumenical Temple.
  4744 | Temple   | Entered the Ecumenical Temple
  4770 | Temple   | Became a worshipper of Warmaster Okawaru
  4935 | D:6      | Reached skill level 10 in Axes
  4940 | D:6      | Reached XP level 9. HP: 63/74 MP: 8/8
  4948 | D:6      | Reached skill level 5 in Dodging
  4950 | D:6      | Found a burning altar of Makhleb.
  5508 | D:7      | Found Taorche Cito's Magic Scroll Boutique.
  5820 | D:4      | Bought a jewelled war axe for 246 gold pieces
  5820 | D:4      | Identified the +4 war axe "Naxi" {venom, *Noise +Blink
                  | Str+3 Stlth+} (You bought it in a shop on level 4 of the
                  | Dungeon)
  5998 | D:7      | Noticed Prince Ribbit
  6005 | D:7      | Killed Prince Ribbit
  6022 | D:7      | Noticed Menkaure
  6033 | D:7      | Killed Menkaure
  6317 | D:7      | Found a transporter.
  6317 | D:7      | Found a transporter.
  6462 | D:7      | Reached * piety under Okawaru
  6469 | D:7      | Noticed Pikel
  6481 | D:7      | Killed Pikel
  6482 | D:7      | Reached skill level 11 in Axes
  6606 | D:7      | Reached ** piety under Okawaru
  7041 | D:8      | Noticed a kobold demonologist
  7067 | D:7      | Reached XP level 10. HP: 81/84 MP: 9/9
  7088 | D:7      | Reached skill level 12 in Axes
  7124 | D:8      | Reached *** piety under Okawaru
  7185 | D:8      | Reached skill level 13 in Axes
  8250 | D:9      | Got the Parchment of the Fault and Infection
  8258 | D:9      | Noticed a centaur warrior
  8259 | D:9      | Noticed Barriton's ghost (novice DrCj)
  8260 | D:9      | Found a transporter.
  8348 | D:9      | Found a transporter.
  8636 | D:9      | Reached **** piety under Okawaru
  8885 | D:10     | Entered Level 10 of the Dungeon
  8916 | D:10     | Reached skill level 5 in Ranged Weapons
  8963 | D:10     | Reached XP level 11. HP: 80/95 MP: 10/10
  8974 | D:10     | Reached skill level 14 in Axes
  9047 | D:9      | Found a blossoming altar of Fedhas.
  9047 | D:9      | Found a glowing golden altar of the Shining One.
  9352 | D:10     | Found an opulent altar of Gozag.
  9718 | D:11     | Noticed Sonja
  9743 | D:11     | Killed Sonja
 10186 | D:11     | You fall into a shaft and drop 3 floors!
 10209 | D:14     | Reached ***** piety under Okawaru
 10281 | D:14     | Noticed a tengu warrior
 10310 | D:14     | Killed a tengu warrior
 10320 | D:14     | Noticed a five-headed hydra
 10343 | D:14     | Slain by an eight-headed hydra

Illustrated notes

Levels and vault maps discovered:
D:1:      psy_arrival_fountain, layout_basic, serial_shops, shop,
          minmay_misc_feat_iff
D:2:      layout_basic, basic_altar, serial_shops, shop_fountains,
          grunt_decor_one_mirror
D:3:      layout_basic, xom_teletrap_fun, serial_shops, nicolae_shop_waterfront,
          minmay_rat_hole, uniq_sigmund, uniq_grinder, uniq_natasha,
          uniq_jessica
D:4:      layout_cave_pods, serial_shops, nicolae_shop_behind_doors,
          st_stairs_11
D:5:      layout_basic, grunt_temple_overflow_open
D:6:      layout_basic, demons_altar, nicolae_qazlal_general_emergency,
          minmay_temple_entry_crystal_x, gammafunk_ghost_cemetery
D:7:      gammafunk_steamed_eel, layout_loops_ring, serial_shops, shop,
          amethyst_killhole, uniq_prince_ribbit1, uniq_menkaure, uniq_pikel
D:8:      layout_basic, special_room [special_room_kobold]
D:9:      layout_irregular_city, nicolae_overflow_hidden_temple,
          gammafunk_ghost_arena
D:10:     layout_roguey, nicolae_gozag_seed_capital
D:11:     layout_loops_corners, dpeg_oklobed_lair,
          minmay_orc_entry_temple_small, serial_bayou, serial_bayou_crossing,
          serial_bayou_lagoon_a, serial_bayou_ford_a, serial_bayou_lagoon_b,
          hex_tiny, nicolae_wu_jian_wuxing_cycle, uniq_sonja
D:14:     layout_cave_pods, erik_vaults_2, minmay_parallelograms
Temple:   jpeg_temple_clearing

Skill      XL: |  1  2  3  4  5  6  7  8  9 10 11 |
---------------+----------------------------------+-----
Shields        | 4 5 6 7 |  7.2
Armour         | 4 5 6 7 8 |  8.0
Axes           | 3 4 5 7 10 11 13 14 | 14.8
Fighting       | 4 5 6 8 9 |  9.8
Ranged Weapons | 2 4 5 |  5.3
Dodging        | 1 2 4 6 7 |  7.0
Stealth        | |  0.9
Invocations    | |  0.1

Action                     |  1- 3 |  4- 6 |  7- 9 | 10-12 || total
---------------------------+-------+-------+-------+-------++-------
  Melee: War axe           |    71 |    58 |   281 |   339 ||   749
         Headbutt          |     9 |     6 |    65 |    68 ||   148
   Fire: Sling             |    24 |       |    28 |    33 ||    85
 Invoke: Heroism           |       |       |       |     5 ||     5
    Use: Potion            |       |       |     4 |     2 ||     6
 Armour: Scale mail        |    36 |    26 |    97 |    21 ||   180
         Ring mail         |       |       |       |    79 ||    79
  Dodge: Dodged            |    40 |    23 |   175 |   233 ||   471
  Block: Buckler           |    29 |    14 |    64 |    14 ||   121
         Kite shield       |       |       |       |   147 ||   147

Table legend: (Time is in decaauts)
 A = Elapsed time spent in this place.
 B = Non-inter-level travel time spent in this place.
 C = Inter-level travel time spent in this place.
 D = Time resting spent in this place.
 E = Time spent auto-exploring this place.
 F = Levels seen in this place.
 G = Mean time per level.
                   A        B        C        D        E       F      G
               +--------+--------+--------+--------+--------+-----+--------+
         Total |  10436 |   9556 |    880 |      0 |   7724 |  13 |  802.8 |
       Dungeon |  10338 |   9482 |    856 |      0 |   7666 |  12 |  861.5 |
        Temple |     97 |     73 |     24 |      0 |     58 |   1 |   97.0 |
               +--------+--------+--------+--------+--------+-----+--------+

Top non-repeatable levels by time:
     D:7: 1331 daAuts
     D:6: 1139 daAuts
     D:4: 1124 daAuts
     D:3: 1096 daAuts
     D:8: 1025 daAuts
     D:5: 957 daAuts
    D:10: 809 daAuts
     D:2: 790 daAuts
     D:1: 753 daAuts
     D:9: 677 daAuts
    D:11: 479 daAuts
    D:14: 152 daAuts
  Temple: 97 daAuts
